APP
BURLINGTON ROYALS @ BLUEFIELD BLUE JAYS
10/13/2045
 
TOP OF THE 1ST
Detroit (APP) Tigers batting - Pitching for Boston (APP) Red Sox : LHP Chris Rasmusson
Pitching: LHP Chris Rasmusson
Batting: RHB Raul Villa 0-0: Ground out 6-3 (Groundball, 6, EV 95.0 MPH)
Batting: RHB Brian Bartholomew 0-0: Called Strike
0-1: Foul Ball, location: 2F
0-2: Strikes out swinging
Batting: RHB Danny Doster 0-0: Ball
1-0: Called Strike
1-1: SINGLE (Groundball, 3L, EV 95.6 MPH)
Batting: RHB Aaron Raymond 0-0: Ball
1-0: Ball
Danny Doster is caught stealing 2nd base 2-4
Top of the 1st over - 0 runs, 1 hit, 0 errors, 0 left on base; Detroit (APP) 0 - Boston (APP) 0
BOTTOM OF THE 1ST
Boston (APP) Red Sox batting - Pitching for Detroit (APP) Tigers : RHP Eric Teixeira
Pitching: RHP Eric Teixeira
Batting: RHB Ken Sartin 0-0: SINGLE (Groundball, 6MD, EV 95.6 MPH)
Batting: RHB Dan Briggs 0-0: Called Strike
Ken Sartin steals 2nd base
0-1: Ball
1-1: Foul Ball, location: 2F
1-2: Ground out 1-3 (Groundball, 15, EV 87.5 MPH)
Batting: LHB Jimmy Linn 0-0: Ball
Ken Sartin is caught stealing 3rd base 2-5
1-0: Fly out, F9 (Flyball, 89S, EV 83.1 MPH)
Bottom of the 1st over - 0 runs, 1 hit, 0 errors, 0 left on base; Detroit (APP) 0 - Boston (APP) 0
TOP OF THE 2ND
Detroit (APP) Tigers batting - Pitching for Boston (APP) Red Sox : LHP Chris Rasmusson
Batting: RHB Aaron Raymond 0-0: Called Strike
0-1: Swinging Strike
0-2: Ball
1-2: Ball
2-2: Strikes out swinging
Batting: RHB Mike Pollock 0-0: Swinging Strike
0-1: Called Strike
0-2: Ball
1-2: Ball
2-2: SINGLE (Groundball, 56D, EV 95.6 MPH)
Batting: RHB Drew Shamis 0-0: Called Strike
0-1: Ball
1-1: Foul Ball, location: 2F
1-2: Foul Ball, location: 2F
1-2: SINGLE (Groundball, 15S, EV 68.8 MPH) (infield hit)
Mike Pollock to second
Batting: RHB Mike Ivanov 0-0: Ball
1-0: SINGLE (Groundball, 6, EV 81.9 MPH) (infield hit)
Mike Pollock to third
Drew Shamis to second
Batting: LHB Mike Elliott 0-0: Called Strike
0-1: Ball
1-1: Foul Ball, location: 2F
1-2: Ball
2-2: Fly out, F3 (Popup, 3L, EV 65.6 MPH)
Batting: LHB Bryan Heiner 0-0: Ball
1-0: Called Strike
1-1: Fly out, F8 (Flyball, 89D, EV 96.3 MPH)
Top of the 2nd over - 0 runs, 3 hits, 0 errors, 3 left on base; Detroit (APP) 0 - Boston (APP) 0
BOTTOM OF THE 2ND
Boston (APP) Red Sox batting - Pitching for Detroit (APP) Tigers : RHP Eric Teixeira
Batting: RHB Julio Lazo 0-0: Called Strike
0-1: Ball
1-1: Ball
2-1: TRIPLE (Groundball, 3L, EV 109.4 MPH)
Batting: RHB Adan Williams 0-0: Ground out 5-3 (Groundball, 56, EV 96.3 MPH)
Julio Lazo scores
Batting: RHB Joel Jones 0-0: Ground out 5-3 (Groundball, 56, EV 110.0 MPH)
Batting: SHB Efrain Garcia 0-0: Ball
1-0: Foul Ball, location: 2F
1-1: SINGLE (Flyball, 89S, EV 87.5 MPH)
Batting: RHB Miguel Espinoza 0-0: Fielders Choice at 2nd, 6-4 (Groundball, 6, EV 87.5 MPH)
Bottom of the 2nd over - 1 run, 2 hits, 0 errors, 1 left on base; Detroit (APP) 0 - Boston (APP) 1
TOP OF THE 3RD
Detroit (APP) Tigers batting - Pitching for Boston (APP) Red Sox : LHP Chris Rasmusson
Batting: RHB Raul Villa 0-0: Called Strike
0-1: DOUBLE (Flyball, 8RXD, EV 97.5 MPH)
Batting: RHB Brian Bartholomew 0-0: Swinging Strike
0-1: Ball
1-1: Called Strike
1-2: Strikes out looking
Batting: RHB Danny Doster 0-0: Ball
1-0: Ground out 6-3 (Groundball, 6, EV 87.5 MPH)
Raul Villa to third
Batting: RHB Aaron Raymond 0-0: Swinging Strike
0-1: Ground out 4-3 (Groundball, 4M, EV 83.8 MPH)
Top of the 3rd over - 0 runs, 1 hit, 0 errors, 1 left on base; Detroit (APP) 0 - Boston (APP) 1
BOTTOM OF THE 3RD
Boston (APP) Red Sox batting - Pitching for Detroit (APP) Tigers : RHP Eric Teixeira
Batting: RHB Francisque Regras 0-0: Called Strike
0-1: SINGLE (Groundball, 6MD, EV 95.6 MPH)
Batting: RHB Ken Sartin 0-0: Fly out, F7 (Flyball, 78S, EV 88.1 MPH)
Batting: RHB Dan Briggs 0-0: Swinging Strike
0-1: Foul Ball, location: 2F
0-2: Ball
1-2: Foul Ball, location: 2F
1-2: Foul Ball, location: 2F
1-2: Strikes out swinging
Batting: LHB Jimmy Linn 0-0: Foul Ball, location: 2F
0-1: Foul Ball, location: 2F
0-2: Strikes out swinging
Bottom of the 3rd over - 0 runs, 1 hit, 0 errors, 1 left on base; Detroit (APP) 0 - Boston (APP) 1
TOP OF THE 4TH
Detroit (APP) Tigers batting - Pitching for Boston (APP) Red Sox : LHP Chris Rasmusson
Batting: RHB Mike Pollock 0-0: Ball
1-0: DOUBLE (Flyball, 8LD, EV 103.1 MPH)
Batting: RHB Drew Shamis 0-0: Ground out 4-3 (Groundball, 4M, EV 106.9 MPH)
Mike Pollock to third
Batting: RHB Mike Ivanov 0-0: Called Strike
0-1: 2-RUN HOME RUN (Flyball, 7D, EV 105.6 MPH), Distance : 369 ft
Batting: LHB Mike Elliott 0-0: Ball
1-0: Ball
2-0: Ball
3-0: Called Strike
3-1: Base on Balls
Batting: LHB Bryan Heiner 0-0: Foul Ball, location: 2F
0-1: DOUBLE (Flyball, 9LD, EV 88.1 MPH)
Mike Elliott to third
Runner from 3rd tries for Home, throw by RF and OUT! 9-4-2
Batting: RHB Raul Villa 0-0: 2-RUN HOME RUN (Line Drive, 78XD, EV 111.3 MPH), Distance : 417 ft
Batting: RHB Brian Bartholomew 0-0: Called Strike
0-1: Foul Ball, location: 2F
0-2: SINGLE (Line Drive, 8LS, EV 104.4 MPH)
Batting: RHB Danny Doster 0-0: Foul Ball, location: 2F
0-1: Swinging Strike
0-2: Ball
Brian Bartholomew is caught stealing 2nd base 2-4
Top of the 4th over - 4 runs, 5 hits, 0 errors, 0 left on base; Detroit (APP) 4 - Boston (APP) 1
BOTTOM OF THE 4TH
Boston (APP) Red Sox batting - Pitching for Detroit (APP) Tigers : RHP Eric Teixeira
Batting: RHB Julio Lazo 0-0: Ball
1-0: Called Strike
1-1: Ground out 1-3 (Groundball, 15, EV 64.4 MPH)
Batting: RHB Adan Williams 0-0: Ball
1-0: Foul Ball, location: 2F
1-1: Ball
2-1: Foul Ball, location: 2F
2-2: Foul Ball, location: 2F
2-2: Foul Ball, location: 2F
2-2: Ball
3-2: Base on Balls
Batting: RHB Joel Jones 0-0: Called Strike
0-1: Ball
1-1: Ball
2-1: Called Strike
2-2: Strikes out swinging
Batting: SHB Efrain Garcia 0-0: Called Strike
0-1: Ball
1-1: Foul Ball, location: 2F
1-2: Ball
2-2: Ball
3-2: Foul Ball, location: 2F
3-2: Ground out 4-3 (Groundball, 4S, EV 77.5 MPH)
Bottom of the 4th over - 0 runs, 0 hits, 0 errors, 1 left on base; Detroit (APP) 4 - Boston (APP) 1
TOP OF THE 5TH
Detroit (APP) Tigers batting - Pitching for Boston (APP) Red Sox : LHP Chris Rasmusson
Batting: RHB Danny Doster 0-0: Called Strike
0-1: Fly out, F5 (Flyball, 5D, EV 79.4 MPH)
Batting: RHB Aaron Raymond 0-0: Ball
1-0: Called Strike
1-1: Foul Ball, location: 2F
1-2: Foul Ball, location: 2F
1-2: Ball
2-2: Ground out 4-3 (Groundball, 4, EV 90.0 MPH)
Batting: RHB Mike Pollock 0-0: Ball
1-0: Fly out, F6 (Popup, 6MD, EV 53.8 MPH)
Top of the 5th over - 0 runs, 0 hits, 0 errors, 0 left on base; Detroit (APP) 4 - Boston (APP) 1
BOTTOM OF THE 5TH
Boston (APP) Red Sox batting - Pitching for Detroit (APP) Tigers : RHP Eric Teixeira
Batting: RHB Miguel Espinoza 0-0: Called Strike
0-1: Ball
1-1: Foul Ball, location: 2F
1-2: Hit by Pitch
Batting: RHB Francisque Regras 0-0: Ball
1-0: Ball
2-0: Foul Ball, location: 2F
2-1: SINGLE (Groundball, 4MD, EV 105.0 MPH)
Miguel Espinoza to second
Runner from 2nd tries for 3rd, OUT! 8-5
Batting: RHB Ken Sartin 0-0: Ball
1-0: Ball
2-0: Ball
3-0: Called Strike
3-1: Base on Balls
Francisque Regras to second
Batting: RHB Dan Briggs 0-0: SINGLE (Groundball, 56D, EV 95.0 MPH)
Francisque Regras to third
Ken Sartin to second
Runner from 3rd tries for Home, SAFE, throw by LF to home
Batting: LHB Jimmy Linn 0-0: Ball
1-0: Called Strike
Ken Sartin steals 3rd, throwing error, E2
Ken Sartin scores
Dan Briggs to third
1-1: Ball
2-1: SINGLE (Groundball, 3, EV 101.3 MPH) (infield hit)
Dan Briggs scores
Batting: RHB Julio Lazo 0-0: Ball
1-0: Called Strike
1-1: Foul Ball, location: 2F
1-2: Foul Ball, location: 2F
1-2: Ball
2-2: Reached on error, E5 (Groundball, 5L, EV 85.0 MPH)
Jimmy Linn to second
Pitching: RHP Quadir O'Bryant
Batting: RHB Adan Williams 0-0: Ball
1-0: Ball
Jimmy Linn steals 3rd base
Julio Lazo to second
2-0: Called Strike
2-1: Ball
3-1: Fly out, F8 (Flyball, 8LS, EV 91.9 MPH)
Batting: RHB Joel Jones 0-0: Foul Ball, location: 2F
0-1: Ball
1-1: Ball
2-1: Foul Ball, location: 2F
2-2: Ball
3-2: Base on Balls
Batting: SHB Efrain Garcia 0-0: Ball
1-0: Ball
2-0: Foul Ball, location: 2F
2-1: Fly out, F8 (Line Drive, 8RD, EV 98.1 MPH)
Bottom of the 5th over - 3 runs, 3 hits, 2 errors, 3 left on base; Detroit (APP) 4 - Boston (APP) 4
TOP OF THE 6TH
Detroit (APP) Tigers batting - Pitching for Boston (APP) Red Sox : LHP Chris Rasmusson
Batting: RHB Drew Shamis 0-0: Called Strike
0-1: Called Strike
0-2: Ground out 4-3 (Groundball, 4, EV 93.1 MPH)
Batting: RHB Mike Ivanov 0-0: Ball
1-0: Swinging Strike
1-1: Swinging Strike
1-2: Foul Ball, location: 2F
1-2: Foul Ball, location: 2F
1-2: Ball
2-2: Hit by Pitch
Pitching: RHP Mitchell Brosey
Batting: LHB Mike Elliott 0-0: Ball
Wild Pitch!
Mike Ivanov to second
1-0: Ball
2-0: Swinging Strike
2-1: Ball
3-1: Base on Balls
Batting: LHB Bryan Heiner 0-0: Ball
1-0: Foul Ball, location: 2F
1-1: Ball
2-1: Ball
3-1: Base on Balls
Mike Ivanov to third
Mike Elliott to second
Batting: RHB Raul Villa 0-0: Called Strike
0-1: Ball
1-1: Ball
Wild Pitch!
Mike Ivanov scores
Mike Elliott to third
Bryan Heiner to second
2-1: SINGLE (Line Drive, 7S, EV 94.4 MPH)
Mike Elliott scores
Bryan Heiner to third
Batting: RHB Brian Bartholomew 0-0: Called Strike
0-1: SINGLE (Groundball, 4D, EV 99.4 MPH)
Bryan Heiner scores
Raul Villa to second
Runner from 2nd tries for 3rd, SAFE, throw by CF made to third
Batting: RHB Danny Doster 0-0: Ball
Brian Bartholomew steals 2nd base
1-0: Ball
2-0: Ball
3-0: Called Strike
3-1: Base on Balls
Pitching: RHP Guadalupe Monez
Batting: RHB Aaron Raymond 0-0: Ball
Wild Pitch!
Raul Villa scores
Brian Bartholomew to third
Danny Doster to second
1-0: Swinging Strike
1-1: Foul Ball, location: 2F
1-2: 3-RUN HOME RUN (Flyball, 7D, EV 99.4 MPH), Distance : 379 ft
Batting: RHB Mike Pollock 0-0: Ground out 6-3 (Groundball, 6, EV 95.0 MPH)
Batting: RHB Drew Shamis 0-0: Ground out 5-3 (Groundball, 5, EV 98.8 MPH)
Top of the 6th over - 7 runs, 3 hits, 0 errors, 0 left on base; Detroit (APP) 11 - Boston (APP) 4
BOTTOM OF THE 6TH
Boston (APP) Red Sox batting - Pitching for Detroit (APP) Tigers : RHP Quadir O'Bryant
Batting: RHB Miguel Espinoza 0-0: Foul Ball, location: 2F
0-1: Called Strike
0-2: SINGLE (Line Drive, 4MD, EV 94.4 MPH)
Batting: RHB Francisque Regras 0-0: Ball
1-0: Called Strike
1-1: Ball
2-1: Ball
3-1: Base on Balls
Miguel Espinoza to second
Batting: RHB Ken Sartin 0-0: Fielders Choice at 2nd, 6-4 (Groundball, 6, EV 96.9 MPH)
Miguel Espinoza to third
Batting: RHB Dan Briggs 0-0: Ball
1-0: Swinging Strike
1-1: Reached on error, E4 (Groundball, 4S, EV 81.3 MPH)
Miguel Espinoza scores
Ken Sartin to second
Batting: LHB Jimmy Linn 0-0: Called Strike
0-1: Fielders Choice at 2nd, 1-6 (Groundball, 13, EV 68.1 MPH)
Ken Sartin to third
Batting: RHB Julio Lazo 0-0: Ball
1-0: Fielders Choice at 2nd, 5-4 (Groundball, 5L, EV 83.1 MPH)
Bottom of the 6th over - 1 run, 1 hit, 1 error, 2 left on base; Detroit (APP) 11 - Boston (APP) 5
TOP OF THE 7TH
Detroit (APP) Tigers batting - Pitching for Boston (APP) Red Sox : RHP Guadalupe Monez
Batting: RHB Mike Ivanov 0-0: Swinging Strike
0-1: Foul Ball, location: 2F
0-2: Strikes out looking
Batting: LHB Mike Elliott 0-0: Ball
1-0: Swinging Strike
1-1: Ball
2-1: Ball
3-1: SOLO HOME RUN (Flyball, 9D, EV 107.5 MPH), Distance : 360 ft
Batting: LHB Bryan Heiner 0-0: Foul Ball, location: 2F
0-1: Ball
1-1: Ball
2-1: Ball
3-1: Fly out, F7 (Flyball, 78D, EV 108.1 MPH)
Pitching: RHP Derek Thompson
Batting: RHB Raul Villa 0-0: Ball
1-0: Called Strike
1-1: Ball
2-1: Ball
3-1: Called Strike
3-2: Foul Ball, location: 2F
3-2: Foul Ball, location: 2F
3-2: Base on Balls
Batting: RHB Brian Bartholomew 0-0: Called Strike
Raul Villa is caught stealing 2nd base 2-4
Top of the 7th over - 1 run, 1 hit, 0 errors, 0 left on base; Detroit (APP) 12 - Boston (APP) 5
BOTTOM OF THE 7TH
Boston (APP) Red Sox batting - Pitching for Detroit (APP) Tigers : RHP Quadir O'Bryant
Batting: RHB Adan Williams 0-0: Called Strike
0-1: Ball
1-1: Ground out 4-3 (Groundball, 4, EV 100.6 MPH)
Batting: RHB Joel Jones 0-0: Ball
1-0: Ball
2-0: Called Strike
2-1: Swinging Strike
2-2: Ball
3-2: Strikes out swinging
Batting: SHB Efrain Garcia 0-0: Ground out 6-3 (Groundball, 4M, EV 103.1 MPH)
Bottom of the 7th over - 0 runs, 0 hits, 0 errors, 0 left on base; Detroit (APP) 12 - Boston (APP) 5
TOP OF THE 8TH
Detroit (APP) Tigers batting - Pitching for Boston (APP) Red Sox : RHP Derek Thompson
Batting: RHB Brian Bartholomew 0-0: SINGLE (Groundball, 4D, EV 96.3 MPH)
Batting: RHB Danny Doster 0-0: Ball
1-0: Foul Ball, location: 2F
1-1: Called Strike
1-2: Fielders Choice at 2nd, 6-4 (Groundball, 56, EV 82.5 MPH)
Batting: RHB Aaron Raymond 0-0: Ball
1-0: Called Strike
Danny Doster steals 2nd base
1-1: Ball
2-1: Foul Ball, location: 2F
2-2: Foul Ball, location: 2F
2-2: Ball
3-2: SINGLE (Line Drive, 89M, EV 104.4 MPH)
Danny Doster to third
Pitching: LHP Jerry Whitfield
Batting: RHB Mike Pollock 0-0: Ball
1-0: Grounds into double play, 4-6-3 (Groundball, 4, EV 98.1 MPH)
Top of the 8th over - 0 runs, 2 hits, 0 errors, 1 left on base; Detroit (APP) 12 - Boston (APP) 5
BOTTOM OF THE 8TH
Boston (APP) Red Sox batting - Pitching for Detroit (APP) Tigers : RHP Quadir O'Bryant
Batting: RHB Miguel Espinoza 0-0: Called Strike
0-1: Ball
1-1: Swinging Strike
1-2: Strikes out swinging
Batting: RHB Francisque Regras 0-0: Ball
1-0: Ball
2-0: Ball
3-0: Called Strike
3-1: Foul Ball, location: 2F
3-2: Foul Ball, location: 2F
3-2: Strikes out swinging
Batting: RHB Ken Sartin 0-0: Foul Ball, location: 2F
0-1: Swinging Strike
0-2: Ball
1-2: Ball
2-2: Strikes out swinging
Bottom of the 8th over - 0 runs, 0 hits, 0 errors, 0 left on base; Detroit (APP) 12 - Boston (APP) 5
TOP OF THE 9TH
Detroit (APP) Tigers batting - Pitching for Boston (APP) Red Sox : LHP Jerry Whitfield
Batting: RHB Drew Shamis 0-0: SINGLE (Groundball, 15S, EV 69.4 MPH) (infield hit)
Batting: RHB Mike Ivanov 0-0: Ball
1-0: Ball
2-0: Called Strike
2-1: Ball
3-1: Called Strike
3-2: Strikes out swinging
Drew Shamis is caught stealing 2nd base 2-4
Batter strikes out.
Batting: LHB Mike Elliott 0-0: Ball
1-0: Called Strike
1-1: Foul Ball, location: 2F
1-2: Strikes out swinging
Top of the 9th over - 0 runs, 1 hit, 0 errors, 0 left on base; Detroit (APP) 12 - Boston (APP) 5
BOTTOM OF THE 9TH
Boston (APP) Red Sox batting - Pitching for Detroit (APP) Tigers : RHP Quadir O'Bryant
Batting: RHB Dan Briggs 0-0: Called Strike
0-1: Foul Ball, location: 2F
0-2: Ball
1-2: Ball
2-2: Fly out, F8 (Flyball, 8LS, EV 80.6 MPH)
Pitching: RHP John Meenan
Batting: LHB Jimmy Linn 0-0: Foul Ball, location: 2F
0-1: Ball
1-1: Foul Ball, location: 2F
1-2: Ball
2-2: Reached on error, E8 (Flyball, 78D, EV 92.5 MPH)
Batting: RHB Julio Lazo 0-0: Ball
1-0: Foul Ball, location: 2F
1-1: Swinging Strike
1-2: Ball
2-2: Ball
3-2: Foul Ball, location: 2F
3-2: Foul Ball, location: 2F
3-2: Foul Ball, location: 2F
3-2: Base on Balls
Jimmy Linn to second
Batting: RHB Adan Williams 0-0: Called Strike
0-1: Ball
1-1: Ball
2-1: Foul Ball, location: 2F
2-2: Ball
3-2: Base on Balls
Jimmy Linn to third
Julio Lazo to second
Batting: RHB Joel Jones 0-0: Grounds into double play, 6-4-3 (Groundball, 6, EV 81.3 MPH)
Bottom of the 9th over - 0 runs, 0 hits, 1 error, 2 left on base; Detroit (APP) 12 - Boston (APP) 5
Wednesday, June 22nd , 2022 - OOTP Baseball 23.4 Build 64